 Dungeon Crawl Stone Soup version 0.29.1-15-g9cfb28693d (webtiles) character file.

Game seed: 4152087661788070907

13842 javelincjr the Fighter (level 12, -2/88 HPs)
             Began as a Djinni Conjurer on Mar 2, 2023.
             Was an Elder of Makhleb.
             Shot with an arrow by a centaur warrior (16 damage)
             ... on level 12 of the Dungeon.
             The game lasted 00:57:43 (11831 turns).

javelincjr the Fighter (Djinni Conjurer)           Turns: 11831, Time: 00:57:44

Health: -2/88      AC: 11    Str:  8    XL:     12   Next: 37%
Gold:   235        EV: 17    Int: 24    God:    Makhleb [****..] SH:  5 Dex: 11

rFire   + + +      SeeInvis .   H - +4 short sword (venom)
rCold   x x .      Faith    .   h - +0 buckler
rNeg    . . .      Spirit   .   L - +4 troll leather armour {Snorg}
rPois   ∞          Reflect  .   z - +0 helmet
rElec   .          Harm     .   (no cloak)
rCorr   .          Rampage  .   E - +0 pair of gloves
Will    +....                   (boots unavailable)
Stlth   +++.......              j - amulet of regeneration
HPRegen 1.84/turn               A - +4 ring of evasion
MPRegen 0.00/turn               k - ring of fire

@: flying
A: sickness immunity, fire resistance 2, cold vulnerability 1, float, innate
caster, HP casting, extra vitality 1
a: Renounce Religion, Minor Destruction, Lesser Servant of Makhleb, Major
Destruction


You were on level 12 of the Dungeon.
You worshipped Makhleb.
Makhleb was greatly pleased with you.
You visited 2 branches of the dungeon, and saw 13 of its levels.

You collected 599 gold pieces.
You spent 364 gold pieces at shops.

Inventory:

Hand Weapons
 q - a +0 dagger of electrocution
 s - a +2 short sword of holy wrath
 H - a +4 short sword of venom (weapon)
Armour
 a - a +1 robe
 h - a +0 buckler (worn)
 u - a +3 scale mail
 w - a +1 chain mail of willpower
 z - a +0 helmet (worn)
 E - a +0 pair of gloves (worn)
 K - the +5 ring mail of Midwinter {Will+}
   (You bought it in a shop on level 10 of the Dungeon)

   Will:      It increases your willpower.
 L - a +4 troll leather armour (worn) {Snorg}
Jewellery
 j - an amulet of regeneration (around neck)
 k - a ring of fire (right hand)
 p - a ring of positive energy
 A - a +4 ring of evasion (left hand)
Wands
 n - a wand of acid (9)
Scrolls
 b - 3 scrolls of poison {unknown}
 c - 2 scrolls of fear
 m - a scroll of summoning
 o - 2 scrolls of silence {unknown}
 t - 3 scrolls of butterflies {unknown}
 x - a scroll of blinking
 y - 2 scrolls of torment {unknown}
 C - a scroll of vulnerability {unknown}
 F - 3 scrolls of enchant weapon {unknown}
 G - 2 scrolls of teleportation
 J - 2 scrolls of identify
Potions
 d - 4 potions of flight {unknown}
 e - a potion of resistance {unknown}
 f - 2 potions of curing {unknown}
 g - 4 potions of lignification
 i - a potion of ambrosia {unknown}
 l - 2 potions of brilliance {unknown}
 r - 5 potions of might {unknown}
 v - 2 potions of attraction {unknown}
 B - 4 potions of heal wounds
 D - a potion of degeneration {unknown}
 I - a potion of haste


   Skills:
 * Level 8.5 Fighting
 + Level 5.9 Armour
 + Level 8.2 Dodging
 + Level 6.7 Stealth
 + Level 5.8 Shields
 * Level 8.0 Spellcasting
 + Level 5.8 Invocations


You couldn't memorise any spells.
You knew the following spells:

 Your Spells              Type           Power      Damage    Failure   Level
a - Magic Dart            Conj           100%       1d8       1%          1
b - Searing Ray           Conj           96%        2d7       1%          2
c - Dazzling Flash        Conj/Hex       96%        N/A       1%          3
d - Fulminant Prism       Conj/Hex       24%        3d13      4%          4
e - Iskenderun's Mystic   Conj/Tloc      48%        2d11      4%          4
f - Slow                  Hex            100%       N/A       1%          1
g - Poisonous Vapours     Pois/Air       96%        N/A       1%          2
h - Vampiric Draining     Necr           48%        2d9       1%          3
i - Swiftness             Air            48%        N/A       1%          3
j - Manifold Assault      Tloc           48%        N/A       12%         5
Your spell library was empty.

Dungeon Overview and Level Annotations

Branches:
Dungeon (12/15)            Temple (1/1) D:5            Lair (0/5) D:9
    Orc (0/2) D:9

Altars:
Ashenzari
Cheibriados
Dithmenos
Elyvilon
Fedhas
Gozag
Hepliaklqana
Makhleb
Nemelex Xobeh
Okawaru
Qazlal
Ru
Trog
Uskayaw
Wu Jian
Xom
Yredelemnul
Zin
The Shining One

Shops:
D:10 *


Innate Abilities, Weirdness & Mutations

You are immune to sickness and miasma.
You are immune to poison.
Your flesh is very heat resistant. (rF++)
You are vulnerable to cold. (rC-)
You float through the air rather than walking.
You learn spells naturally, not from books.
Your magical power is your life essence.
You have superior vitality. (+4 MHP)


Message History

You hit the centaur.
The centaur warrior shoots an arrow.
The arrow hits you!
The centaur warrior shoots an arrow.
The arrow hits you!
The centaur warrior shoots an arrow.
The arrow hits you.
The centaur warrior shoots an arrow.
The arrow hits you.
There is a stone staircase leading up here.
Casting: Manifold Assault (dangerous; 12% risk of failure)
Confirm with . or Enter, or press ? or * to list all spells.
Aiming: Searing Ray (safe; 1% risk of failure)
Press: ? - help, Shift-Dir - straight line, f - centaur warrior
Aim: a centaur warrior, wielding a +0 shortbow (moderately wounded, extremely poisoned, 87% to hit)
The searing ray hits the centaur warrior!
The centaur warrior is heavily wounded.
The searing ray hits the centaur!
You kill the centaur!
Makhleb accepts your kill. (Press . to maintain the ray.)
The centaur warrior shoots an arrow.
The arrow hits you!
The searing ray hits the centaur warrior.
The centaur warrior is heavily wounded.
The searing ray misses the centaur.
The centaur warrior shoots an arrow.
The arrow hits you!
* * * LOW HITPOINT WARNING * * *
The centaur warrior shoots an arrow.
The arrow closely misses you.
The searing ray misses the centaur warrior.
The searing ray hits the centaur.
The centaur is almost dead.
* * * LOW HITPOINT WARNING * * *
The searing ray hits the centaur warrior.
The centaur warrior is almost dead.
The searing ray hits the centaur.
You kill the centaur!
Makhleb accepts your kill.
You feel better.
The searing ray hits the centaur.
The centaur is severely wounded.
You finish channelling your searing ray.
The centaur warrior shoots an arrow.
The arrow hits you!
* * * LOW HITPOINT WARNING * * *
The centaur warrior shoots an arrow.
You block the arrow.
The centaur warrior shoots an arrow.
The arrow hits you!
You die...

.#
#.#
..
#.#
##..
#..
#:#
#@#
#.#
#c#
#c#
#)#
#.#
..#
.))
...


You could see a centaur warrior (very poisoned) and a centaur.

Vanquished Creatures
  Snorg (D:10)
  5 two-headed ogres
  2 manticores (D:11)
  2 cyclopes
  2 unseen horrors (D:11)
  A komodo dragon (D:11)
  Prince Ribbit (D:5)
  10 yaks
  A vampire (D:8)
  3 wraiths
  2 wyverns (D:8)
  A shadow (D:12)
  A steam dragon (D:8)
  Grum (D:8)
  7 orc warriors
  4 sky beasts (D:7)
  2 black bears
  8 centaurs
  2 wolves (D:8)
  An ogre (D:4)
  2 phantoms (D:6)
  4 kobold brigands
  3 necrophages
  7 bullfrogs
  3 scorpions
  2 gnoll sergeants
  3 wights (D:8)
  8 killer bees
  A howler monkey (D:8)
  3 electric eels (D:9)
  9 orc priests
  2 jellies
  2 hounds
  4 iguanas
  12 orc wizards
  7 gnolls
  3 adders
  A shadow imp (D:8)
  3 white imps
  An ufetubus (D:4)
  3 worms
  A dart slug (D:1)
  40 orcs
  2 endoplasms
  3 giant cockroaches
  6 goblins
  3 hobgoblins
  4 quokkas
  6 ball pythons
  4 bats
  9 frilled lizards
  18 kobolds
  6 rats
242 creatures vanquished.

Vanquished Creatures (others)
  A gnoll (D:9)
  69 fulminant prisms
  8 plants (D:4)
78 creatures vanquished.

Grand Total: 320 creatures vanquished

Notes
Turn   | Place    | Note
-------+----------+-------------------------------------------
     0 | D:1      | javelincjr the Djinni Conjurer began the quest for the Orb.
     0 | D:1      | javelincjr set off with the following spells memorised:
                  | Magic Dart, Searing Ray, Dazzling Flash, Fulminant Prism,
                  | Iskenderun's Mystic Blast.
     0 | D:1      | Reached XP level 1. HP: 15/15 MP: 0/0
    20 | D:1      | Found a faded altar of an unknown god.
   382 | D:1      | Reached XP level 2. HP: 19/21 MP: 0/0
  1244 | D:1      | Reached XP level 3. HP: 14/25 MP: 0/0
  1244 | D:1      | Learned a level 1 spell: Slow
  2903 | D:3      | Reached XP level 4. HP: 22/31 MP: 0/0
  3787 | D:4      | Noticed an ogre
  3794 | D:4      | Killed an ogre
  3795 | D:4      | Reached XP level 5. HP: 23/35 MP: 0/0
  3795 | D:4      | Learned a level 2 spell: Poisonous Vapours
  3951 | D:4      | Noticed a black bear
  3972 | D:4      | Killed a black bear
  3973 | D:4      | Reached XP level 6. HP: 7/40 MP: 0/0
  4785 | D:4      | Reached XP level 7. HP: 41/46 MP: 0/0
  4785 | D:4      | Learned a level 3 spell: Vampiric Draining
  4875 | D:4      | Reached skill level 1 in Fighting
  5105 | D:5      | Entered Level 5 of the Dungeon
  5250 | D:5      | Found a staircase to the Ecumenical Temple.
  5256 | Temple   | Entered the Ecumenical Temple
  5318 | Temple   | Became a worshipper of Makhleb the Destroyer
  5822 | D:5      | Found a hazy altar of Hepliaklqana.
  5940 | D:5      | Found an ornate altar of the Wu Jian Council.
  6087 | D:5      | Noticed Prince Ribbit
  6119 | D:5      | Killed Prince Ribbit
  6120 | D:5      | Reached skill level 1 in Armour
  6120 | D:5      | Reached skill level 1 in Shields
  6120 | D:5      | Reached skill level 1 in Invocations
  6120 | D:5      | Reached XP level 8. HP: 30/54 MP: 0/0
  6167 | D:5      | Reached skill level 5 in Dodging
  6478 | D:6      | Reached skill level 5 in Spellcasting
  6620 | D:6      | Reached * piety under Makhleb
  6726 | D:6      | Reached XP level 9. HP: 53/61 MP: 0/0
  6726 | D:6      | Learned a level 3 spell: Swiftness
  7190 | D:6      | Found a shadowy altar of Dithmenos.
  7190 | D:6      | Found a white marble altar of Elyvilon.
  8680 | D:8      | Reached skill level 5 in Fighting
  8690 | D:8      | Reached skill level 5 in Stealth
  8690 | D:8      | Reached ** piety under Makhleb
  8691 | D:8      | Reached XP level 10. HP: 43/70 MP: 0/0
  8708 | D:8      | Noticed Grum
  8712 | D:8      | Killed Grum
  9137 | D:8      | Noticed a two-headed ogre
  9145 | D:8      | Killed a two-headed ogre
  9414 | D:9      | Noticed a two-headed ogre
  9426 | D:9      | Killed a two-headed ogre
  9432 | D:9      | Noticed a two-headed ogre
  9444 | D:9      | Killed a two-headed ogre
  9445 | D:9      | Reached XP level 11. HP: 78/78 MP: 0/0
  9445 | D:9      | Learned a level 5 spell: Manifold Assault
  9603 | D:9      | Noticed a two-headed ogre
  9615 | D:9      | Killed a two-headed ogre
  9641 | D:9      | Reached skill level 5 in Armour
  9687 | D:9      | Found a staircase to the Lair.
  9705 | D:9      | Reached *** piety under Makhleb
  9751 | D:9      | Noticed a two-headed ogre
  9811 | D:9      | Killed a two-headed ogre
  9812 | D:9      | Reached skill level 5 in Invocations
  9839 | D:9      | Reached skill level 5 in Shields
  9934 | D:9      | Found an iron altar of Okawaru.
  9936 | D:9      | Found a stormy altar of Qazlal.
 10212 | D:9      | Found a staircase to the Orcish Mines.
 10291 | D:10     | Entered Level 10 of the Dungeon
 10503 | D:10     | Reached **** piety under Makhleb
 10535 | D:10     | Found Poegorro's Assorted Antiques.
 10557 | D:10     | Bought a scroll labelled ANUAD FUIGH for 28 gold pieces
 10557 | D:10     | Bought a twisted ring mail for 252 gold pieces
 10557 | D:10     | Identified the +5 ring mail of Midwinter {Will+} (You
                  | bought it in a shop on level 10 of the Dungeon)
 10557 | D:10     | Bought a scroll labelled TICLIE MOUSIRCHI for 28 gold
                  | pieces
 10557 | D:10     | Bought a scroll of identify for 56 gold pieces
 10671 | D:10     | Noticed Snorg
 10692 | D:10     | Killed Snorg
 11096 | D:11     | Noticed a manticore
 11103 | D:11     | Killed a manticore
 11104 | D:11     | Reached XP level 12. HP: 86/86 MP: 0/0
 11784 | D:12     | Noticed a centaur warrior
 11831 | D:12     | Shot with an arrow by a centaur warrior

Illustrated notes

Levels and vault maps discovered:
D:1:      dpeg_arrival_renting, layout_basic,
          hellmonk_ecumenical_altar_leap_of_faith, minmay_tetromino_t4
D:2:      layout_basic, kennysheep_minor_cross
D:3:      layout_loops_corners, serial_glass, glass_columns_a, glass_columns_a,
          minmay_misc_feat_tower, nrook_uturn
D:4:      layout_gridville, minmay_lizard_king
D:5:      layout_loops_corners, mainiacjoe_overflow_swirl,
          minmay_temple_entry_tees, uniq_prince_ribbit1
D:6:      layout_basic, gammafunk_temple_overflow_wave
D:7:      layout_layer_cave, minmay_misc_feat_diagonals,
          minmay_misc_feat_pillars, minmay_misc_feat_cross,
          kennysheep_generic_room_12
D:8:      layout_basic, minmay_fractal_squares_gapless_5, uniq_grum
D:9:      layout_rooms, chequers_temple_overflow_statue_of_worship,
          lair_entry_dummy, erik_orc_2
D:10:     layout_gridville, serial_shops, shop, uniq_snorg
D:11:     layout_irregular_city
D:12:     layout_rooms
Temple:   nicolae_temple_x_marks_the_god

Skill      XL: |  1  2  3  4  5  6  7  8  9 10 11 12 |
---------------+-------------------------------------+-----
Stealth        | 2 3 4 5 6 |  6.7
Dodging        | 3 4 5 6 7 8 |  8.2
Spellcasting   | 4 5 6 7 8 |  8.0
Fighting       | 2 3 5 6 8 |  8.5
Armour         | 1 2 3 4 5 |  5.9
Shields        | 1 2 3 4 5 |  5.8
Invocations    | 1 2 3 4 5 |  5.8

Action                   |  1- 3 |  4- 6 |  7- 9 | 10-12 || total
-------------------------+-------+-------+-------+-------++-------
Melee: Unarmed           |       |     1 |       |       ||     1
       Dagger            |       |       |    11 |       ||    11
       Short sword       |       |       |       |    89 ||    89
 Cast: Magic Dart        |    74 |    21 |   140 |    76 ||   311
       Searing Ray       |     4 |     2 |    11 |     3 ||    20
       Fulminant Prism   |       |    10 |    21 |    39 ||    70
       Iskenderun's Myst |       |     3 |    33 |    36 ||    72
       Poisonous Vapours |       |     4 |    19 |    19 ||    42
       Slow              |       |     2 |     3 |     2 ||     7
       Vampiric Draining |       |       |    15 |   122 ||   137
       Manifold Assault  |       |       |       |    37 ||    37
  Use: Scroll            |       |       |    11 |     3 ||    14
       Potion            |       |       |     4 |       ||     4
Armor: Robe              |       |       |    17 |     7 ||    24
       Troll leather arm |       |       |       |     7 ||     7
Dodge: Dodged            |     5 |     6 |    40 |    86 ||   137
Block: Buckler           |       |       |    14 |    30 ||    44
